 Dungeon Crawl Stone Soup version 0.23.2-1-ga50397a (webtiles) character file.

Game seed: 12583051253003495837

164 IBeShadow the Skirmisher (level 5, -4/47 HPs)
             Began as a Demonspawn Chaos Knight on May 6, 2019.
             Was a Plaything of Xom.
             Killed by divine providence
             ... invoked by an orc priest
              (10 damage)
             ... on level 4 of the Dungeon.
             The game lasted 00:06:18 (2737 turns).

IBeShadow the Skirmisher (Demonspawn Chaos Knight)  Turns: 2737, Time: 00:06:18

Health: -4/47      AC:  6    Str: 15    XL:     5   Next: 21%
Magic:  14/14      EV: 11    Int: 17    God:    Xom [..*...]
Gold:   199        SH:  4    Dex: 12    Spells: 4/4 levels left

rFire    . . .     SeeInvis .   r - +5 great sword of Etaapn {chaos, rPois}
rCold    + + .     Gourm    .   (shield currently unavailable)
rNeg     . . .     Faith    .   b - +2 leather armour
rPois    +         Spirit   .   (helmet restricted)
rElec    .         Reflect  .   (no cloak)
rCorr    .         Harm     .   e - +0 pair of gloves
MR       .....                  (no boots)
Stlth    +.........             (no amulet)
HPRegen  0.15/turn              d - +3 ring of intelligence
MPRegen  0.14/turn              q - ring of magical power

@: no status effects
A: fangs 1, horns 1, large bone plates 1, cold resistance 2, high mp 1, robust
1, strong 1, evolution 1, MP-powered wands
a: Renounce Religion


You were on level 4 of the Dungeon.
You worshipped Xom.
You were a toy of Xom.
You were not hungry.

You visited 1 branch of the dungeon, and saw 4 of its levels.

You collected 199 gold pieces.

Inventory:

Hand Weapons
 a - a +0 hand axe of chaos
 r - the +5 great sword of Etaapn (weapon) {chaos, rPois}
   (Xom gifted it to you on level 3 of the Dungeon)

   Each time it hits an enemy it has a different, random effect.
   It protects you from poison.
Armour
 b - a +2 leather armour (worn)
 e - a +0 pair of gloves (worn)
Jewellery
 d - a +3 ring of intelligence (left hand)
 q - a ring of magical power (right hand)
Scrolls
 f - a scroll of enchant weapon {unknown}
 i - 2 scrolls of teleportation {unknown}
 j - a scroll of magic mapping {unknown}
 k - 2 scrolls of identify {unknown}
 n - 5 scrolls of remove curse {unknown}
 o - a scroll of immolation {unknown}
 p - a scroll of enchant armour {unknown}
Potions
 g - a potion of flight {unknown}
 h - 2 potions of might {unknown}
 l - 4 potions of curing {unknown}
 m - a potion of agility {unknown}
Comestibles
 c - 12 rations


   Skills:
 + Level 4.9 Fighting
 * Level 1.4 Long Blades
 - Level 3.5 Axes
 - Level 1.7 Armour
 - Level 0.8 Dodging


You had 4 spell levels left.
You didn't know any spells.
Your spell library contained the following spells:

 Spells                   Type           Power        Failure   Level  Hunger
 Summon Small Mammal      Summ           #...         28%         1    ##.....
 Call Imp                 Summ           #.......     41%         2    ###....
 Call Canine Familiar     Summ           #.......     65%         3    ####...
 Summon Guardian Golem    Hex/Summ       #.......     65%         3    ####...
 Summon Ice Beast         Ice/Summ       #.......     96%         4    #####..
 Summon Lightning Spire   Summ/Air       #.......     96%         4    #####..


Dungeon Overview and Level Annotations

Branches:
Dungeon (4/15)
 Temple: D:4-7

Altars:
Cheibriados
Gozag
Wu Jian
Xom


Innate Abilities, Weirdness & Mutations

You are partially covered in large bone plates. (SH +4)
Your flesh is very cold resistant. (rC++)
You have very sharp teeth.
You have a pair of small horns on your head.
You have an increased reservoir of magic. (+10% MP)
You are robust. (+10% HP)
Your muscles are strong. (Str +2)
You evolve.
You expend magic power (3 MP) to strengthen your wands.


Message History

You swap places.
The adder bites your butterfly.
Your butterfly dies!
There's a creature in the doorway!
The orc priest invokes the aid of Beogh against you.
Beogh smites you!
* * * LOW HITPOINT WARNING * * *
An orc comes into view.
You swap places.
There is an open door here.
The orc priest casts a cantrip, but nothing happens.
You close the door.
An orc opens the door.
Okay, then.
The adder closely misses you.
The orc priest misses something.
The adder closely misses you. The orc hits you with a +0 dagger.
* * * LOW HITPOINT WARNING * * *
The orc priest invokes the aid of Beogh against you.
Beogh smites you!
You die...
Xom howls with laughter!

.......<.#....'......#
.........'....#......#
.........######......###
..##########..##.......#
. #...#..o#....#.......#
#...'o..'....#.......+
#)####..##oS##.......#
... #..##..#.........
..... #..b...@.........
...... #......#.........
...... #####..#.........
###### #..###....###
.... ....# #.... ....#
##### ....# .##


You could see an orc priest, an adder and an orc.

Vanquished Creatures
  A hound (D:3)
  5 adders
  A gnoll (D:3)
  2 worms
  A dart slug (D:1)
  A leopard gecko (D:3)
  An orc (D:4)
  A ball python (D:1)
  5 bats
  3 giant cockroaches
  13 goblins
  7 hobgoblins
  6 jackals
  A quokka (D:2)
  4 frilled lizards
  9 kobolds
  7 rats
68 creatures vanquished.

Notes
Turn   | Place    | Note
-------+----------+-------------------------------------------
     0 | D:1      | IBeShadow the Demonspawn Chaos Knight began the quest for
                  | the Orb.
     0 | D:1      | Reached XP level 1. HP: 18/18 MP: 1/1
   110 | D:1      | XOM: divination: detect items
   119 | D:1      | Gained mutation: Your flesh is cold resistant. (rC+)
                  | [demonic ancestry]
   119 | D:1      | Reached XP level 2. HP: 24/24 MP: 2/2
   596 | D:1      | Reached XP level 3. HP: 30/30 MP: 3/3
   738 | D:2      | Reached skill level 4 in Fighting
   753 | D:2      | XOM is BORED!
   753 | D:2      | XOM: medium Ice miscast
   845 | D:2      | XOM: 1-stop teleportation journey
   850 | D:2      | XOM: 10-stop teleportation journey
   892 | D:2      | XOM: give mutations
   892 | D:2      | Gained mutation: You expend magic power (3 MP) to
                  | strengthen your wands. [Xom's grace]
   892 | D:2      | Gained mutation: You are robust. (+10% HP) [Xom's grace]
   892 | D:2      | Gained mutation: Your flesh is very cold resistant. (rC++)
                  | [Xom's grace]
   892 | D:2      | Gained mutation: You evolve. [Xom's grace]
  1249 | D:2      | Found an opulent altar of Gozag.
  1337 | D:2      | Gained mutation: You are partially covered in large bone
                  | plates. (SH +4) [demonic ancestry]
  1337 | D:2      | Reached XP level 4. HP: 23/41 MP: 4/4
  1787 | D:2      | XOM: scenery: create altars
  1829 | D:2      | XOM: scenery: create altars
  1866 | D:3      | Found an ornate altar of the Wu Jian Council.
  1901 | D:3      | XOM: god gift: 6 rations
  1954 | D:3      | XOM: god gift: dazzling great sword {god gift}
  1955 | D:3      | Got a dazzling great sword {god gift}
  1957 | D:3      | Identified the +5 great sword of Etaapn {chaos, rPois} (Xom
                  | gifted it to you on level 3 of the Dungeon)
  2038 | D:3      | XOM: give mutations
  2038 | D:3      | Gained mutation: You have very sharp teeth. [Xom's grace]
  2038 | D:3      | Gained mutation: You have an increased reservoir of magic.
                  | (+10% MP) [Xom's grace]
  2038 | D:3      | Gained mutation: You have a pair of small horns on your
                  | head. [Xom's grace]
  2038 | D:3      | Gained mutation: Your muscles are strong. (Str +2) [Xom's
                  | grace]
  2079 | D:3      | Found a snail-covered altar of Cheibriados.
  2110 | D:3      | Found a faded altar of an unknown god.
  2272 | D:3      | XOM: scenery: create altars
  2275 | D:3      | Reached skill level 1 in Long Blades
  2275 | D:3      | Reached XP level 5. HP: 47/47 MP: 5/5
  2343 | D:3      | XOM: medium Hex miscast
  2724 | D:4      | XOM: butterfly on damage
  2737 | D:4      | Killed from afar by an orc priest

Skill      XL: |  1  2  3  4 |
---------------+-------------+-----
Axes           | 3 |  3.5
Fighting       | 4 |  4.9
Long Blades    | 1 |  1.4
Armour         | |  1.7
Dodging        | |  0.8

Action                   |  1- 3 |  4- 6 || total
-------------------------+-------+-------++-------
Melee: Hand axe          |   109 |    48 ||   157
       Great sword       |       |    31 ||    31
       Headbutt          |       |     4 ||     4
       Bite              |       |     3 ||     3
 Stab: Confused          |     1 |       ||     1
       Petrifying        |       |     1 ||     1
  Eat: Chunk             |     1 |     5 ||     6
Armor: Leather armour    |    55 |    33 ||    88
Dodge: Dodged            |    69 |    39 ||   108
Block: Other             |       |    16 ||    16
       Rpst.: Great sword |       |     9 ||     9
